 Dungeon Crawl Stone Soup version 0.29.0-11-gd7f09526c8 (webtiles) character file.

Game seed: 17267466913071090574

45 iguanaiguana the Magician (level 3, 0/28 HPs)
             Began as a Djinni Conjurer on Sept 4, 2022.
             Slain by an adder (4 damage)
             ... on level 2 of the Dungeon.
             The game lasted 00:04:20 (472 turns).

iguanaiguana the Magician (Djinni Conjurer)          Turns: 472, Time: 00:04:20

Health: 0/28       AC:  2    Str:  6    XL:     3   Next: 90%
Gold:   64         EV: 12    Int: 21    God:
                   SH:  0    Dex: 11

rFire   + + .      SeeInvis .   c - +2 short sword (venom)
rCold   x . .      Faith    .   (no shield)
rNeg    . . .      Spirit   .   a - +0 robe
rPois   ∞          Reflect  .   (no helmet)
rElec   .          Harm     .   (no cloak)
rCorr   .          Rampage  .   (no gloves)
Will    .....                   (boots unavailable)
Stlth   ++........              (no amulet)
HPRegen 0.09/turn               (no ring)
MPRegen 0.00/turn               (no ring)

@: flying
A: sickness immunity, fire resistance 2, cold vulnerability 1, float, innate
caster, HP casting, extra vitality 1
a: no special abilities


You were on level 2 of the Dungeon.
You visited 1 branch of the dungeon, and saw 2 of its levels.

You collected 64 gold pieces.

Inventory:

Hand Weapons
 b - a +0 dagger
 c - a +2 short sword of venom (weapon)
Missiles
 e - 3 poisoned darts
Armour
 a - a +0 robe (worn)
 h - a +0 helmet
Scrolls
 d - a scroll of torment {unknown}
 f - a scroll of teleportation {unknown}
Potions
 g - a potion of haste {unknown}


   Skills:
 + Level 2.0 Fighting
 - Level 2.0 Short Blades
 - Level 2.1 Dodging
 - Level 1.5 Stealth
 - Level 3.2 Spellcasting


You couldn't memorise any spells.
You knew the following spells:

 Your Spells              Type           Power      Damage    Failure   Level
a - Magic Dart            Conj           68%        1d6       3%          1
b - Searing Ray           Conj           34%        2d5       4%          2
c - Dazzling Flash        Conj/Hex       34%        N/A       10%         3
d - Fulminant Prism       Conj/Hex       8%         3d7       32%         4
e - Iskenderun's Mystic   Conj/Tloc      17%        2d5       32%         4
f - Beastly Appendage     Tmut           34%        N/A       3%          1
Your spell library was empty.

Dungeon Overview and Level Annotations

Branches:
Dungeon (2/15) Zot: 11524

Altars:


Innate Abilities, Weirdness & Mutations

You are immune to sickness and miasma.
You are immune to poison.
Your flesh is very heat resistant. (rF++)
You are vulnerable to cold. (rC-)
You float through the air rather than walking.
You learn spells naturally, not from books.
Your magical power is your life essence.
You have superior vitality. (+4 MHP)


Message History

* * * LOW HITPOINT WARNING * * *
Casting: Magic Dart (safe; 3% risk of failure)
Confirm with . or Enter, or press ? or * to list all spells.
Aiming: Magic Dart (safe; 3% risk of failure)
Press: ? - help, Shift-Dir - straight line, f/p - worm
Aim: a worm (severely wounded, 100% to hit)
The magic dart hits the worm.
The worm is severely wounded.
* * * LOW HITPOINT WARNING * * *
Casting: Magic Dart (safe; 3% risk of failure)
Confirm with . or Enter, or press ? or * to list all spells.
Aiming: Magic Dart (safe; 3% risk of failure)
Press: ? - help, Shift-Dir - straight line, f/p - worm
Aim: a worm (severely wounded, 100% to hit)
The magic dart hits the worm.
You kill the worm!
* * * LOW HITPOINT WARNING * * *
Training target 2.0 for Short Blades reached!
Your Short Blades skill increases to level 2!
You need to enable at least one skill for training.
The adder hisses angrily.
You closely miss the adder. Your punch misses the adder.
You barely miss the adder. You miss the adder. Your punch misses the adder.
The adder bites you.
* * * LOW HITPOINT WARNING * * *
You barely miss the adder. You hit the adder.
The adder is poisoned.
The adder is lightly wounded.
The adder bites you.
* * * LOW HITPOINT WARNING * * *
You closely miss the adder.
The adder is lightly wounded.
You barely miss the adder.
The adder is moderately wounded.
You closely miss the adder.
The adder is moderately wounded.
You hit the adder.
The adder looks as sick as possible!
The adder is heavily wounded.
The adder bites you.
You die...

w......... .....#...
#........ .. #........ ...#
######........ .....####
##...†)........
.........####.<####.....?..
..............## #........
.........S@..## #........
............## #.#######
###...........## #.#
.................# ..#
...................[..# ..)
.....#........###..#... ...
.....................## ...
.....#....r.........# ...
..........######.# ##


You could see an adder (extremely poisoned) and a rat.

Vanquished Creatures
  An orc wizard (D:2)
  2 worms (D:2)
  A dart slug (D:1)
  An orc (D:1)
  A goblin (D:1)
  4 ball pythons (D:1)
  A frilled lizard (D:1)
  2 kobolds (D:1)
  2 rats (D:1)
15 creatures vanquished.

Vanquished Creatures (others)
  5 toadstools (D:1)
5 creatures vanquished.

Grand Total: 20 creatures vanquished

Notes
Turn   | Place    | Note
-------+----------+-------------------------------------------
     0 | D:1      | iguanaiguana the Djinni Conjurer began the quest for the
                  | Orb.
     0 | D:1      | iguanaiguana set off with the following spells memorised:
                  | Magic Dart, Searing Ray, Dazzling Flash, Fulminant Prism,
                  | Iskenderun's Mystic Blast.
     0 | D:1      | Reached XP level 1. HP: 15/15 MP: 0/0
    33 | D:2      | Noticed an orc wizard
   146 | D:1      | Reached skill level 1 in Fighting
   194 | D:1      | Reached XP level 2. HP: 22/22 MP: 0/0
   436 | D:2      | Reached skill level 1 in Short Blades
   436 | D:2      | Reached XP level 3. HP: 18/28 MP: 0/0
   436 | D:2      | Learned a level 1 spell: Beastly Appendage
   472 | D:2      | Slain by an adder

Illustrated notes

Levels and vault maps discovered:
D:1:      ldierk_walled_garden, layout_basic, serial_bayou_crossing
D:2:      layout_rooms, lemuel_old_faithful, uniq_terence

Skill      XL: |  1  2  3 |
---------------+----------+-----
Fighting       | 1 2 |  2.0
Short Blades   | 1 2 |  2.0
Dodging        | |  2.1
Stealth        | |  1.5
Spellcasting   | |  3.2

Action                   || total
-------------------------++-------
Melee: Short sword       ||    33
       Punch             ||     1
 Cast: Magic Dart        ||    18
 Stab: Sleeping          ||     2
Armor: Robe              ||     5
Dodge: Dodged            ||    21
